 Dungeon Crawl Stone Soup version 0.31-a0-150-g89dc3ad700 (webtiles) character file.

Game seed: 15791840901732795810

2118 qw the Skirmisher (level 9, -14/56 HPs)
             Began as a Gargoyle Hunter on June 8, 2023.
             Was a Follower of Okawaru.
             Demolished by a death yak (21 damage)
             ... on level 7 of the Dungeon.
             The game lasted 00:02:18 (5661 turns).

qw the Skirmisher (Gargoyle Hunter)                 Turns: 5661, Time: 00:02:19

Health: -14/56     AC: 17    Str: 19    XL:     9   Next: 29%
Magic:  12/12      EV: 15    Int:  9    God:    Okawaru [*.....]
Gold:   561        SH:  0    Dex: 17    Spells: 8/8 levels left

rFire   + . .        j - +8 longbow
rCold   + . .        (shield currently unavailable)
rNeg    + . .        q - +3 ring mail {rC+}
rPois   inf          (no helmet)
rElec   +            (no cloak)
rCorr   .            m - +0 pair of gloves {Str+3}
SInv    .            (no boots)
Will    .....        (no amulet)
Stlth   +++          h - ring of protection from fire
HPRegen 0.29/turn    (no ring)
MPRegen 0.13/turn

%: no passive effects
@: about to teleport, heroic
A: sickness immunity, AC +6, negative energy resistance 1, electricity
resistance, torment resistance 1, petrification resistance
a: Renounce Religion, Heroism


You were on level 7 of the Dungeon.
You worshipped Okawaru.
Okawaru was aware of your devotion.
You visited 2 branches of the dungeon, and saw 9 of its levels.

You collected 561 gold pieces.


Innate Abilities, Weirdness & Mutations

You are immune to sickness and miasma.
Your stone body is resilient. (AC +6)
You are immune to poison.
You resist negative energy. (rN+)
You are resistant to electric shocks. (rElec)
You are resistant to unholy torment.
You are immune to petrification.


   Skills:
 - Level 6.4(11.4) Fighting
 - Level 10.1(15.1) Ranged Weapons
 - Level 2.0(7.0) Armour
 + Level 2.8(7.8) Dodging
 - Level 1.1(6.1) Stealth
 - Level 4.0 Invocations


You had 8 spell levels left.
You didn't know any spells.
Your spell library was empty.

Inventory:

Hand Weapons
 j - a +8 longbow (weapon)
Armour
 m - a +0 pair of gloves of strength (worn)
 q - a +3 ring mail of cold resistance (worn)
Jewellery
 h - a ring of protection from fire (left hand)
 n - a ring of ice
Wands
 e - a wand of digging (6)
Scrolls
 a - a scroll of identify
Potions
 b - a potion of resistance {unknown}
 c - a potion of mutation {unknown}
 d - a potion of cancellation
 f - a potion of attraction {unknown}
 k - 3 potions of curing
 l - a potion of might {unknown}

Dungeon Overview and Level Annotations

Branches:
Dungeon (8/15)             Temple (1/1) D:4
   Lair: D:8-11

Altars:
Ashenzari
Cheibriados
Dithmenos
Elyvilon
Fedhas
Hepliaklqana
Kikubaaqudgha
Makhleb
Nemelex Xobeh
Okawaru
Qazlal
Ru
Sif Muna
Trog
Uskayaw
Vehumet
Wu Jian
Xom
Yredelemnul

Shops:
D:4 (


Message History

The kobold barely misses you.
You shoot an arrow. The arrow closely misses the kobold.
You hear a bellow!
The kobold barely misses you.
You hear a shout!
You shoot an arrow. The arrow hits the kobold!
You kill the kobold!
Okawaru accepts your kill. The death yak gores you.
You shoot an arrow. The arrow barely misses the death yak.
The arrow hits the yak!!
The yak is severely wounded.
A death yak comes into view.
You shoot an arrow. The arrow hits the yak!
The yak is almost dead.
The yak gores you but does no damage. The death yak gores you!!
You shoot an arrow. The arrow hits the yak!!!
You kill the yak!
Okawaru accepts your kill.
The death yak gores you but does no damage.
You shoot an arrow. The arrow hits the death yak!!
The death yak is moderately wounded.
The death yak closely misses you.
You shoot an arrow. The arrow hits the death yak.
The death yak is moderately wounded.
The death yak gores you!
5658 ||| STAIRDANCE Magic restored.
The death yak gores you. The yak gores you. The death yak gores you!
You climb upwards.
There is a stone staircase leading down here.
5660 ||| READING scroll of teleportation.
As you read the scroll of teleportation, it crumbles to dust.
You feel strangely unstable. The death yak misses you.
The death yak closely misses you. The yak barely misses you.
You shoot an arrow. The arrow hits the death yak!
The death yak is heavily wounded.
The death yak gores you!!
You die...

#.# #..))#.#########
#.##########.##.#.........#
.............##.#########.#
#####..########..# #.#
#.#.#.#.#.#.#.# ##.##
#####.#.#.#.#.#..#
####...###
.....#.#.#.#.#.#.#
#........#
.####.#.#.#.#.#.Y#
#.##...#)# .#
#.#.#.#.#.#.#@# #.###.##.#
## ##[#.#.#.#.#YY# #.#
#.##.# # #.#.#.#.#.#.#.#
#.# #....# #
##.#.#.#.#.#..# #.# ###..#
# #.#.#.#.#.#.#.# #.# #..#
#####.#.#.#.#.#..#
#.#####..#
..(..#.#.#.#.#.#.#
#!.......#
#####.#)#.#.#.#..#
#######.## # ############.#
#.#


You could see 2 death yaks and a yak.

Vanquished Creatures
  A yak (D:8)
  Duvessa (D:7)
  An ice beast (D:6)
  A sky beast (D:7)
  2 black bears (D:4)
  3 ogres
  A centaur (D:6)
  A phantom (D:6)
  A kobold brigand (D:8)
  A bullfrog (D:6)
  2 scorpions (D:5)
  Dowan (D:7)
  3 killer bees (D:7)
  2 hounds
  A jelly (D:4)
  3 orc priests
  3 iguanas
  2 sleepcaps
  4 orc wizards
  A gnoll (D:3)
  13 adders
  A white imp (D:6)
  An ufetubus (D:7)
  A worm (D:3)
  2 dart slugs
  16 orcs
  9 endoplasms
  2 giant cockroaches
  5 goblins
  6 hobgoblins
  4 jackals (D:2)
  2 quokkas
  5 ball pythons
  8 bats
  6 frilled lizards
  8 kobolds
  9 rats
133 creatures vanquished.

Notes
Turn   | Place    | Note
-------+----------+-------------------------------------------
     0 | D:1      | qw the Gargoyle Hunter began the quest for the Orb.
     0 | D:1      | Reached XP level 1. HP: 12/12 MP: 1/1
     0 | D:1      | 0 ||| qw: Version: 0.2-a-119-g7aa9181
     0 | D:1      | 0 ||| qw: Game counter: 2792
     0 | D:1      | 0 ||| qw: Always use a shield: true
     0 | D:1      | 0 ||| qw: God list: Okawaru
     0 | D:1      | 0 ||| qw: Allow faded altars: false
     0 | D:1      | 0 ||| qw: Do Orc after D:15 true
     0 | D:1      | 0 ||| qw: Do second Lair branch before Depths: true
     0 | D:1      | 0 ||| qw: Lair rune preference: random
     0 | D:1      | 0 ||| qw: Plans: Normal
     0 | D:1      | 0 ||| PLANNING D:1-11
   343 | D:1      | Reached XP level 2. HP: 17/17 MP: 2/2
   645 | D:1      | You fall into a shaft and drop 1 floor!
   682 | D:2      | Reached XP level 3. HP: 21/21 MP: 3/3
   684 | D:2      | 684 ||| FLEEEEING.
   690 | D:2      | Reached skill level 5 in Ranged Weapons
   696 | D:2      | 696 ||| UPGRADING to +2 robe of willpower.
   706 | D:2      | 706 ||| DROPPING +0 leather armour.
   707 | D:2      | 707 ||| READING 3 scrolls labelled KAF VONUIT.
   708 | D:2      | 708 ||| READING scroll labelled GEKHOL COENNY.
   709 | D:2      | 709 ||| READING scroll labelled FEYSUCLY XIONTUI.
   710 | D:2      | 710 ||| READING scroll labelled VAUM LEYPI.
   711 | D:2      | 711 ||| READING 2 scrolls of identify.
   711 | D:2      | 711 ||| IDENTIFYING emerald potion
   712 | D:2      | 712 ||| DROPPING scroll of butterflies.
   713 | D:2      | 713 ||| DROPPING potion of berserk rage.
  1009 | D:2      | Found an ancient bone altar of Kikubaaqudgha.
  1194 | D:2      | Reached skill level 3 in Fighting
  1194 | D:2      | Reached XP level 4. HP: 27/28 MP: 4/4
  1334 | D:2      | 1334 ||| DROPPING ring of flight.
  1335 | D:2      | 1335 ||| READING 2 scrolls labelled PUUMYV JIRI.
  1336 | D:2      | 1336 ||| READING scroll labelled ZIASTOSYREGH.
  1339 | D:2      | 1339 ||| DRINKING 2 brown potions.
  1364 | D:2      | 1364 ||| DROPPING scroll of immolation.
  1365 | D:2      | 1365 ||| DROPPING potion of lignification.
  1480 | D:3      | Found a faded altar of an unknown god.
  1480 | D:3      | Found a hazy altar of Hepliaklqana.
  1482 | D:3      | Found a faded altar of an unknown god.
  1554 | D:3      | Found a hide-covered altar of Uskayaw.
  2082 | D:3      | Reached XP level 5. HP: 32/32 MP: 5/5
  2210 | D:3      | 2210 ||| UPGRADING to ring of protection from fire.
  2211 | D:3      | 2211 ||| READING scroll labelled DEESAO VUXEANK.
  2212 | D:3      | 2212 ||| READING 4 scrolls labelled SIAG DOASKUNWAOR.
  2213 | D:3      | 2213 ||| READING 3 scrolls of enchant weapon.
  2213 | D:3      | 2213 ||| ENCHANTING +1 shortbow.
  2214 | D:3      | 2214 ||| READING 2 scrolls of enchant weapon.
  2214 | D:3      | 2214 ||| ENCHANTING +2 shortbow.
  2215 | D:3      | 2215 ||| READING scroll of enchant weapon.
  2215 | D:3      | 2215 ||| ENCHANTING +3 shortbow.
  2216 | D:3      | 2216 ||| READING scroll labelled VEMOUNKORI.
  2217 | D:3      | 2217 ||| READING scroll labelled WUZUCHUCVO.
  2218 | D:3      | 2218 ||| READING 3 scrolls of identify.
  2218 | D:3      | 2218 ||| IDENTIFYING black potion
  2219 | D:3      | 2219 ||| READING 2 scrolls of identify.
  2219 | D:3      | 2219 ||| IDENTIFYING smoky red potion
  2220 | D:3      | 2220 ||| DROPPING potion of invisibility.
  2285 | D:4      | Found Peoseomi's Weapon Boutique.
  2334 | D:4      | Reached skill level 6 in Ranged Weapons
  2560 | D:4      | Found a shimmering altar of Xom.
  2668 | D:4      | Reached XP level 6. HP: 31/38 MP: 6/6
  2694 | D:4      | Noticed a black bear
  2701 | D:4      | Killed a black bear
  2867 | D:4      | Found a staircase to the Ecumenical Temple.
  2868 | D:4      | 2868 ||| PLANNING TEMPLE
  2877 | Temple   | Entered the Ecumenical Temple
  2878 | Temple   | 2878 ||| PLANNING OKAWARU WORSHIP
  2886 | Temple   | Became a worshipper of Warmaster Okawaru
  2886 | Temple   | 2886 ||| PLANNING D:1-11
  3007 | D:4      | Reached skill level 7 in Ranged Weapons
  3031 | D:4      | HP: 9/38 [ogre/+0 giant spiked club (29)]
  3032 | D:4      | 3032 ||| READING scroll of teleportation.
  3253 | D:4      | 3253 ||| READING scroll labelled DEKKITS UTWULL.
  3254 | D:4      | 3254 ||| DRINKING 2 fuming cyan potions.
  3255 | D:4      | 3255 ||| DROPPING potion of brilliance.
  3294 | D:5      | Entered Level 5 of the Dungeon
  3295 | D:5      | Noticed a black bear
  3300 | D:5      | 3300 ||| STAIRDANCE
  3307 | D:4      | Reached XP level 7. HP: 29/43 MP: 7/7
  3372 | D:5      | 3372 ||| STAIRDANCE
  3620 | D:5      | Reached skill level 8 in Ranged Weapons
  3682 | D:5      | 3682 ||| Stepping ~*~*~tactically~*~*~ (outnumbered).
  3688 | D:5      | 3688 ||| FLEEEEING.
  3689 | D:5      | 3689 ||| FLEEEEING.
  3690 | D:5      | 3690 ||| FLEEEEING.
  3691 | D:5      | 3691 ||| FLEEEEING.
  3692 | D:5      | 3692 ||| FLEEEEING.
  3946 | D:6      | 3946 ||| STAIRDANCE
  4043 | D:6      | 4043 ||| SWAPPING to +0 orcbow.
  4052 | D:6      | Reached * piety under Okawaru
  4053 | D:6      | Reached XP level 8. HP: 48/49 MP: 8/8
  4056 | D:6      | 4056 ||| DROPPING +4 shortbow.
  4077 | D:6      | Reached skill level 1 in Invocations
  4185 | D:6      | 4185 ||| INVOKING Heroism.
  4234 | D:6      | Reached skill level 9 in Ranged Weapons
  4375 | D:6      | 4375 ||| INVOKING Heroism.
  4389 | D:6      | Reached skill level 3 in Invocations
  4604 | D:6      | Found a bloodstained altar of Trog.
  4693 | D:6      | 4693 ||| READING 2 scrolls labelled BAOHAM XAUSUOBO.
  4693 | D:6      | Identified 2 scrolls of acquirement
  4693 | D:6      | 4693 ||| ACQUIRING +0 pair of gloves of strength
  4693 | D:6      | Acquired a +0 pair of gloves of strength
  4695 | D:6      | 4695 ||| UPGRADING to +0 pair of gloves of strength.
  4700 | D:6      | 4700 ||| READING scroll of acquirement.
  4700 | D:6      | 4700 ||| ACQUIRING +8 longbow
  4700 | D:6      | Acquired a +8 longbow
  4702 | D:6      | 4702 ||| SWAPPING to +8 longbow.
  4703 | D:6      | 4703 ||| DROPPING +0 orcbow.
  4704 | D:6      | 4704 ||| DRINKING 3 fuming ruby potions.
  4743 | D:7      | Found a basalt altar of Yredelemnul.
  4769 | D:7      | 4769 ||| INVOKING Heroism.
  4817 | D:7      | 4817 ||| INVOKING Heroism.
  4840 | D:7      | Reached skill level 6 in Fighting
  4947 | D:7      | Found a white marble altar of Elyvilon.
  5076 | D:7      | Noticed Dowan
  5076 | D:7      | Noticed Duvessa
  5077 | D:7      | 5077 ||| INVOKING Heroism.
  5083 | D:7      | Killed Dowan
  5084 | D:7      | Reached XP level 9. HP: 52/56 MP: 8/11
  5091 | D:7      | Killed Duvessa
  5589 | D:7      | 5589 ||| DROPPING +1 robe of cold resistance.
  5590 | D:7      | 5590 ||| UPGRADING to +3 ring mail of cold resistance.
  5600 | D:7      | 5600 ||| DROPPING +2 robe of willpower.
  5601 | D:7      | 5601 ||| DRINKING 2 fuming yellow potions.
  5602 | D:7      | 5602 ||| DRINKING 2 silvery potions.
  5603 | D:7      | 5603 ||| DRINKING 4 potions of curing.
  5603 | D:7      | 5603 ||| (to cure confusion)
  5604 | D:7      | 5604 ||| DROPPING potion of enlightenment.
  5605 | D:7      | 5605 ||| DROPPING potion of ambrosia.
  5644 | D:8      | Noticed a death yak
  5645 | D:8      | 5645 ||| INVOKING Heroism.
  5649 | D:8      | Reached skill level 10 in Ranged Weapons
  5649 | D:8      | Noticed a death yak
  5653 | D:8      | Noticed a death yak
  5658 | D:8      | 5658 ||| STAIRDANCE
  5658 | D:8      | HP: 6/56 [death yak (13)]
  5660 | D:7      | 5660 ||| READING scroll of teleportation.
  5661 | D:7      | Demolished by a death yak

Levels and vault maps discovered:
D:1:      sevenhm_arrival_forest_fort_small_5, layout_basic,
          chequers_serial_rivers_small_b
D:2:      layout_basic, basic_altar
D:3:      minmay_chambers_of_twos, layout_loops_cross,
          nicolae_uskayaw_dance_hall, nicolae_hepliaklqana_ecumenical_no_more
D:4:      layout_loops_corners, mainiacjoe_overflow_brackets,
          minmay_temple_entry_glassed_door, serial_shops, shop
D:5:      layout_cave_pools, st_stairs_13
D:6:      layout_rooms, kennysheep_mini_moat
D:7:      layout_loops_ring, amcnicky_altar_gilded,
          nicolae_elyvilon_temple_path, minivault_23, uniq_duvessa
D:8:      layout_basic, dpeg_lair_monsters, enter_bailey_3, serial_corexii_hall,
          corexii_hall_statues_i, chequers_hall_statues_corner_a,
          grunt_ministairs_3, hellmonk_guarded_unrand_lears, uniq_gastronok
Temple:   nicolae_temple_no_exploring_needed

Skill      XL: |  1  2  3  4  5  6  7  8  9 |
---------------+----------------------------+-----
Ranged Weapons | 5 6 7 8 9 10 | 10.1
Fighting       | 3 4 5 6 |  6.4
Dodging        | 2 |  2.8
Invocations    | 3 4 |  4.0
Armour         | 2 |  2.0
Stealth        | |  1.1

Action                     |  1- 3 |  4- 6 |  7- 9 || total
---------------------------+-------+-------+-------++-------
   Fire: Shortbow          |    93 |   211 |    56 ||   360
         Orcbow            |       |       |    66 ||    66
         Longbow           |       |       |    63 ||    63
 Invoke: Heroism           |       |       |     6 ||     6
    Use: Scroll            |     5 |    13 |     3 ||    21
         Potion            |       |     2 |     4 ||     6
 Armour: Leather armour    |     8 |       |       ||     8
         Robe              |    25 |    49 |    35 ||   109
         Ring mail         |       |       |     5 ||     5
  Dodge: Dodged            |    38 |    88 |    85 ||   211

Table legend:
 A = Non-vault XP
 B = Vault XP
 C = Vault XP percentage of total XP
 D = Non-vault monster count
 E = Vault monster count
 F = Vault count percentage of total count
                 A         B        C        D         E       F
            +---------+---------+-------+---------+---------+-------
      Total |    2545 |     482 |  15.9 |     121 |      12 |   9.0
            +---------+---------+-------+---------+---------+-------
        D:1 |      30 |       0 |   0.0 |      20 |       0 |   0.0
        D:2 |      63 |       0 |   0.0 |      17 |       0 |   0.0
        D:3 |      71 |      29 |  29.0 |      25 |       8 |  24.2
        D:4 |     493 |      36 |   6.8 |      22 |       1 |   4.3
        D:5 |     357 |       0 |   0.0 |      12 |       0 |   0.0
        D:6 |     696 |       0 |   0.0 |       9 |       0 |   0.0
        D:7 |     723 |     211 |  22.6 |      13 |       2 |  13.3
        D:8 |     112 |     206 |  64.8 |       3 |       1 |  25.0
            +---------+---------+-------+---------+---------+-------
